Map: Orbital Shipyard

Players

Kamikadze - Winner!

  • Race: Protoss Protoss
  • League: Diamond

Hindulaatti

  • Race: Terran Terran
  • League: Diamond

VOD

Have the link to the VOD?

Description

Time

  • Played on: Feb. 19, 2016, 5:29 p.m.
  • Length: 3:51
Show
View Real Time Build Order
Export as new Build Order

Kamikadze Protoss - Winner!

Build Orders: Oracle Opening 

Get SALT Encoding   

  12  0:02  Probe (Chrono Boost)  
  13  0:13  Probe (Chrono Boost)  
  14  0:17  Pylon  
  14  0:23  Probe (Chrono Boost)  
  15  0:36  Probe (Chrono Boost)  
  15  0:38  Gateway  
  16  0:46  Probe (Chrono Boost)  
  16  0:48  Assimilator  
  17  0:53  Assimilator  
  17  0:57  Probe (Chrono Boost)  
  18  1:10  Probe (Chrono Boost)  
  19  1:16  Pylon  
  19  1:21  Probe (Chrono Boost)  
  20  1:27  Cybernetics Core  
  20  1:31  Probe (Chrono Boost)  
  21  1:46  Pylon  
  21  2:04  Stargate  
  22  2:11  Mothership Core (Chrono Boost), Stalker  
  25  2:29  Probe (Chrono Boost)  
  26  2:40  Probe (Chrono Boost)  
  27  2:49  Oracle (Chrono Boost)  
  29  3:00  Nexus  
  29  3:01  Probe  
  30  3:13  Probe  
Show
View Real Time Build Order
Export as new Build Order

Hindulaatti Terran 

Build Orders:  

Get SALT Encoding   

  12  0:01  SCV  
  13  0:13  SCV  
  14  0:18  Supply Depot  
  14  0:25  SCV  
  15  0:40  SCV, Barracks  
  16  0:50  Refinery  
  16  0:52  SCV  
  17  1:04  SCV  
  18  1:16  SCV  
  19  1:30  Marine  
  19  1:31  Orbital Command  
  20  1:41  Command Center  
  20  1:48  Marine  
  21  1:57  Factory  
  21  2:01  SCV  
  22  2:09  Supply Depot  
  22  2:15  Barracks Reactor  
  22  2:17  SCV  
  23  2:34  Barracks  
  23  2:36  SCV  
  24  2:42  Refinery  
  24  2:51  Starport  
  24  2:52  Barracks  
  24  2:56  Marine x2  
  26  3:03  Hellion  
  26  3:05  SCV  
  29  3:13  Orbital Command  
  29  3:16  Marine  
  30  3:25  SCV  
  30  3:27  Barracks Tech Lab  
  21  3:44  Engineering Bay  
Tags
 
Add a new tag
Caveats
  • Supply blocks, unpowered buildings, or Contaminate may cause inaccurate times.
  • Supply counts are checked every 10 seconds.